AoeStats
← TM Caesar

Arena

507140300Analyzed
1v1 RM · 17d ago on Sep 16, 2026· 46m 33s· 2 players
Game mode
Random Map
Map size
Tiny (2 player)
Population
200
Speed
Normal
Resources
Standard
Victory
Conquest
Starting age
Dark Age
Ending age
Imperial Age
RankedLock teamsTeams togetherTeam positionsShared explorationLock speedFull tech treeHidden civsTurbo modeCheats
Victory
Defeat
🇲🇽 Portuguese · Mexico
1751
+17
🇦🇷 Wu · Argentina
1768
-17
VENÓN | Hyoga
10:45 Feudal Age
14:33 Castle Age
12:39 Double-Bit Axe
17:17 Fervor
17:45 Loom
20:15 Light Cavalry
21:38 Bloodlines
21:36 Husbandry
22:34 Scale Barding Armor
25:56 Chain Barding Armor
27:25 Wheelbarrow
26:36 Loom
26:37 Town Watch
26:44 Town Watch
31:57 Imperial Age
29:43 Hand Cart
30:18 Fletching
30:30 Padded Archer Armor
30:51 Bow Saw
30:23 Horse Collar
30:34 Gold Mining
30:12 Elite Skirmisher
31:47 Thumb Ring
31:39 Bodkin Arrow
32:37 Fortified Wall
32:40 Masonry
33:37 Chemistry
33:07 Bracer
33:42 Ballistics
35:44 Siege Engineers
36:12 Masonry
37:33 Leather Archer Armor
42:01 Ring Archer Armor
42:34 Town Patrol
TM Caesar
10:35 Feudal Age
12:11 Double-Bit Axe
14:52 Castle Age
12:34 Horse Collar
13:35 Fletching
16:06 Bow Saw
19:00 Bodkin Arrow
21:51 Padded Archer Armor
27:23 Imperial Age
24:58 Gold Mining
26:13 Ballistics
26:40 Wheelbarrow
26:23 Loom
28:04 Bracer
28:29 Conscription
30:14 Red Cliffs Tactics
30:24 Heavy Plow
32:14 Chemistry
35:07 Leather Archer Armor
34:42 Town Watch
35:28 Scale Barding Armor
36:55 Chain Barding Armor
36:49 Elite Fire Archer
37:08 Light Cavalry
40:26 Bloodlines
41:37 Plate Barding Armor
42:39 Husbandry
Connection lost

Rejoining the realm…

Still unreachable

The connection could not be restored.

Session expired

The server has moved on; the page needs a fresh start.